 Dungeon Crawl Stone Soup version 0.31-a0-366-ga77b45bd9b (webtiles) character file.

Game seed: 2508951230809449717

3 M4edhros the Charlatan (level 1, -1/13 HPs)
             Began as an Octopode Artificer on July 28, 2023.
             Slain by an ogre
             ... wielding a +0 giant club
              (13 damage)
             ... on level 2 of the Dungeon.
             The game lasted 00:00:16 (116 turns).

M4edhros the Charlatan (Octopode Artificer)          Turns: 116, Time: 00:00:17

Health: -1/13      AC:  1    Str: 11    XL:     1   Next: 50%
Magic:  1/1        EV: 13    Int: 13    God:
Gold:   0          SH:  0    Dex: 12    Spells: 0/0 levels left

rFire   . .          .
                       - Unarmed
rCold   . . .        (no shield)
rNeg    . . .        (helmet restricted)
rPois   .            (no amulet)
rElec   .            (no ring)
rCorr   .            (no ring)
SInv    .            (no ring)
Will    .....        (no ring)
Stlth   +++          (no ring)
HPRegen 0.22/turn    (no ring)
MPRegen 0.07/turn    (no ring)
                     (no ring)

%: no passive effects
@: no status effects
A: almost no armour, amphibious, 8 rings, camouflage 1, gelatinous body 1,
(nimble swimmer 1), tentacles
a: no special abilities


You were on level 2 of the Dungeon.
You visited 1 branch of the dungeon, and saw 2 of its levels.

Inventory:

Wands
 b - a wand of flame (15) (quivered)
 c - a wand of charming (15)
 d - a wand of iceblast (5)
Scrolls
 e - a scroll of fear {unknown}
 f - a scroll of identify {unknown}


   Skills:
 - Level 1.0 Fighting
 - Level 2.3 Dodging
 - Level 1.3 Stealth
 + Level 1.0 Unarmed Combat
 - Level 3.2 Evocations


You couldn't memorise any spells.
You didn't know any spells.
Your spell library contained the following spells:

 Spells                   Type           Power      Damage    Failure   Level
 Summon Small Mammal      Summ           0%         N/A       30%         1
 Call Canine Familiar     Summ           0%         N/A       67%         3
 Summon Guardian Golem    Hex/Summ       0%         N/A       67%         3


Dungeon Overview and Level Annotations

Branches:
Dungeon (2/15)

Altars:


Innate Abilities, Weirdness & Mutations

You cannot wear most types of armour.
You are amphibious.
You can wear up to eight rings at the same time.
Your skin changes colour to match your surroundings (Stealth+).
Your rubbery body absorbs attacks. (AC +1, EV +1)
((You are camouflaged when in or above water. (Stealth+)))
You have tentacles for arms and can constrict up to eight enemies at once.


Message History

You tentacle-slap the hobgoblin.
The hobgoblin is almost dead.
You constrict the hobgoblin.
You kill the hobgoblin!
Your Unarmed Combat skill increases to level 1!
No target in view!
An ogre comes into view. It is wielding a +0 giant club.
The ogre shouts!
The ogre misses you.
You see here a hobgoblin corpse.
Unknown command.
You completely miss the ogre.
An ogre is nearby!
Unknown command.
An ogre is nearby!
You tentacle-slap the ogre.
The ogre is lightly wounded.
An ogre is nearby!
You tentacle-slap the ogre.
The ogre is lightly wounded.
The ogre barely misses you.
An ogre is nearby!
You tentacle-slap the ogre.
The ogre is moderately wounded.
The ogre completely misses you.
You closely miss the ogre.
The ogre is moderately wounded.
You tentacle-slap the ogre.
The ogre is moderately wounded.
The ogre misses you.
You tentacle-slap the ogre but do no damage.
The ogre is moderately wounded.
The ogre closely misses you.
You tentacle-slap the ogre.
The ogre is moderately wounded.
You tentacle-slap the ogre but do no damage.
The ogre is moderately wounded.
The ogre hits you with a +0 giant club!
Ouch! That really hurt!
You die...

#.# #.# ###
... ..# #.#
#.# #.# #.#
#.# #.# ####
#.###.##...#
#.##.#...#
#.<.###@##
####.#O..#
#.##... #.#
#.## # # .#
.# #


You could see an ogre.

Vanquished Creatures
  A bat (D:1)
  A hobgoblin (D:2)
  A frilled lizard (D:1)
3 creatures vanquished.

Notes
Turn   | Place    | Note
-------+----------+-------------------------------------------
     0 | D:1      | M4edhros the Octopode Artificer began the quest for the
                  | Orb.
     0 | D:1      | Reached XP level 1. HP: 13/13 MP: 1/1
   107 | D:2      | Reached skill level 1 in Unarmed Combat
   107 | D:2      | Noticed an ogre
   116 | D:2      | Slain by an ogre

Illustrated notes

Levels and vault maps discovered:
D:1:      dpeg_arrival_simpleton_b, layout_rooms
D:2:      layout_loops_ring, serial_shops, shop

Skill      XL: |  1 |
---------------+----+-----
Unarmed Combat | 1 |  1.0
Fighting       | |  1.0
Dodging        | |  2.3
Stealth        | |  1.3
Evocations     | |  3.2

Action                     || total
---------------------------++-------
  Melee: Unarmed           ||    22
         Constrict         ||     3
         Tentacles         ||     1
 Armour: Skin              ||     1
  Dodge: Dodged            ||    19

Table legend: (Time is in decaauts)
 A = Elapsed time spent in this place.
 B = Non-inter-level travel time spent in this place.
 C = Inter-level travel time spent in this place.
 D = Time resting spent in this place.
 E = Time spent auto-exploring this place.
 F = Levels seen in this place.
 G = Mean time per level.
                   A        B        C        D        E       F      G
               +--------+--------+--------+--------+--------+-----+--------+
         Total |    115 |    115 |      0 |      0 |     70 |   2 |   57.5 |
       Dungeon |    115 |    115 |      0 |      0 |     70 |   2 |   57.5 |
               +--------+--------+--------+--------+--------+-----+--------+

Top non-repeatable levels by time:
     D:1: 67 daAuts
     D:2: 48 daAuts
